 Dungeon Crawl Stone Soup version 0.20-a0-1086-g4bd2f5b (webtiles) character file.

1495 FastMan the Cleaver (level 8, -3/74 HPs)
             Began as a Minotaur Berserker on May 1, 2017.
             Was a Priest of Trog.
             Slain by Pikel
             ... wielding a +2 whip of flaming
              (5 damage)
             ... on level 7 of the Dungeon.
             The game lasted 00:03:20 (4224 turns).

FastMan the Cleaver (Minotaur Berserker)            Turns: 4224, Time: 00:03:21

Health: -3/74      AC:  8    Str: 23    XL:     8   Next: 51%
Magic:  7/7        EV:  8    Int:  4    God:    Trog [***...]
Gold:   253        SH:  0    Dex: 11    Spells: 7/7 levels left

rFire    . . .     SeeInvis .   p - +0 war axe
rCold    . . .     Gourm    .   (no shield)
rNeg     . . .     Faith    .   e - +0 chain mail
rPois    .         Spirit   .   (helmet restricted)
rElec    .         Reflect  .   (no cloak)
rCorr    .         Harm     .   (no gloves)
MR       +....                  (no boots)
Stlth    ..........             (no amulet)
Regen    0.3/turn               (no ring)
MPRegen  0.1/turn               m - ring of protection from magic

@: lethally poisoned (-3 -> -4), slowed, very slow
A: retaliatory headbutt, horns 2
a: Berserk, Trog's Hand, Burn Spellbooks, Renounce Religion


You were on level 7 of the Dungeon.
You worshipped Trog.
Trog was most pleased with you.
You were very hungry.

You visited 1 branch of the dungeon, and saw 7 of its levels.

You collected 253 gold pieces.

Inventory:

Hand Weapons
 a - a +0 hand axe
 p - a +0 war axe (weapon)
Armour
 e - a +0 chain mail (worn)
Jewellery
 j - a +3 ring of intelligence
 m - a ring of protection from magic (right hand)
Scrolls
 b - 6 scrolls of remove curse {@r2}
 d - 3 scrolls of magic mapping {unknown}
 i - 2 scrolls of identify {@r1}
 k - a scroll of fog {unknown}
 l - 2 scrolls of blinking {unknown}
 n - a scroll of enchant weapon {unknown}
 q - a scroll of recharging {unknown}
 w - a scroll of fear {unknown}
Potions
 f - a potion of might {@q4}
 g - a potion of brilliance {@q6}
 h - a potion of haste {@q3}
 s - a potion of lignification {unknown}
 t - a potion of agility {unknown}
 v - a potion of heal wounds {@q2}
Comestibles
 o - a royal jelly {@e3}
 r - 3 fruits {@e4}


   Skills:
 + Level 8.0 Fighting
 * Level 11.0 Axes
 - Level 2.4 Armour
 - Level 2.1 Dodging


You had 7 spell levels left.
You didn't know any spells.

Dungeon Overview and Level Annotations

Branches:
Dungeon (7/15)
 Temple: D:4-7

Altars:
Nemelex Xobeh
The Shining One

Shops:
D:4 %

Portals:
Ossuary: D:6

Annotations:
D:7 Pikel


Innate Abilities, Weirdness & Mutations

You reflexively headbutt those who attack you in melee.
You have a pair of horns on your head.


Message History

You feel sick. Pikel closely misses you. You furiously retaliate!
You headbutt Pikel, but do no damage.
Your chain mail prevents you from hitting Pikel.
Pikel is moderately wounded.
Pikel hits you with a whip of flaming!
* * * LOW HITPOINT WARNING * * *
Pikel burns you.
* * * LOW HITPOINT WARNING * * *
Pikel hits you with a whip of flaming.
* * * LOW HITPOINT WARNING * * *
Pikel burns you.
* * * LOW HITPOINT WARNING * * *
You closely miss Pikel. Your headbutt misses Pikel.
Pikel is moderately wounded.
You feel sick. Pikel barely misses you.
Unknown command.
You slash Pikel!
Pikel is severely wounded.
Pikel hits you with a whip of flaming.
You die...

...####...[.......
......##......#.. .#
...#...##......# ##.#
#..##..........# ....##
##..#..##......# ......
###.##........[###.....#
............†††........#
###.####.......[[.......
# #..# ##......K@#...#.
# ##.# #..............#
... #............###
##.##.......#.......
..#.......#......$
.#####.#......... .#
.....%...... .....
.......


You could see Pikel.

Vanquished Creatures
  A hungry ghost (D:7)
  4 slaves (D:7)
  A phantom (D:4)
  5 ogres
  A centaur (D:5)
  A crocodile (D:7)
  A bullfrog (D:4)
  A howler monkey (D:4)
  A wight (D:6)
  2 centaur zombies (D:5)
  A jelly (D:5)
  A hound (D:5)
  3 orc priests (D:4)
  A bullfrog skeleton (D:4)
  4 orc wizards
  A hound zombie (D:5)
  A worker ant zombie (D:5)
  3 gnolls (D:4)
  8 adders
  An ooze (D:5)
  5 leopard geckos
  9 orcs
  4 ball pythons
  6 giant cockroaches
  4 goblins
  4 hobgoblins
  4 jackals
  4 kobolds
  5 bats
  2 frilled lizards (D:3)
  A leopard gecko skeleton (D:6)
  A quokka zombie (D:5)
  9 rats
100 creatures vanquished.

Notes
Turn   | Place    | Note
-------+----------+-------------------------------------------
     0 | D:1      | FastMan the Minotaur Berserker began the quest for the Orb.
     0 | D:1      | Reached XP level 1. HP: 19/19 MP: 0/0
   399 | D:1      | Found a glowing golden altar of the Shining One.
   553 | D:2      | Reached skill level 4 in Axes
   553 | D:2      | Reached XP level 2. HP: 19/27 MP: 1/1
   827 | D:2      | Reached XP level 3. HP: 23/33 MP: 2/2
  1085 | D:2      | Reached skill level 5 in Axes
  1144 | D:2      | Reached ** piety under Trog
  1365 | D:3      | Reached XP level 4. HP: 41/41 MP: 3/3
  1673 | D:4      | Reached skill level 6 in Axes
  1673 | D:4      | Reached XP level 5. HP: 16/47 MP: 4/4
  1677 | D:4      | Reached skill level 5 in Fighting
  2039 | D:4      | Found Istitaq's Food Shop.
  2042 | D:4      | Noticed an ogre
  2174 | D:4      | Noticed a phantom
  2179 | D:4      | Reached skill level 7 in Axes
  2179 | D:4      | Reached XP level 6. HP: 30/56 MP: 5/5
  2502 | D:4      | Reached skill level 8 in Axes
  2588 | D:4      | Reached XP level 7. HP: 45/63 MP: 6/6
  2918 | D:5      | Entered Level 5 of the Dungeon
  2925 | D:5      | Reached skill level 9 in Axes
  3209 | D:5      | Reached XP level 8. HP: 58/73 MP: 7/7
  3304 | D:5      | Reached skill level 10 in Axes
  3385 | D:5      | Reached *** piety under Trog
  3386 | D:5      | Found a sparkling altar of Nemelex Xobeh.
  3815 | D:6      | Found a sand-covered staircase.
  4197 | D:7      | Noticed Pikel
  4215 | D:7      | Reached skill level 11 in Axes
  4222 | D:7      | HP: 3/74 [Pikel/whip of flaming (2)]
  4224 | D:7      | Slain by Pikel

Vault maps used:
D:1:      dpeg_arrival_rooms_a, grunt_decor_arrowhead, tso_altar
D:3:      serial_bayou, serial_bayou_pond_d, serial_bayou_pond_a,
          serial_bayou_lagoon_a, serial_bayou_shore_a
D:4:      serial_shops, nicolae_shop_waterfront, first_bread
D:5:      nemelex_dance_club_becter
D:6:      minitemple, temple_green, nicolae_ossuary_entry_false_entrances
D:7:      serial_shops, kennysheep_little_box, okawaru_gym_becter,
          uniq_prince_ribbit1, uniq_pikel

Skill      XL: |  1  2  3  4  5  6  7  8 |
---------------+-------------------------+-----
Fighting       | 4 5 6 7 8 |  8.0
Axes           | 4 5 6 7 8 9 11 | 11.0
Armour         | |  2.4
Dodging        | |  2.1

Action                   |  1- 3 |  4- 6 |  7- 9 || total
-------------------------+-------+-------+-------++-------
Melee: Hand axe          |    78 |    18 |       ||    96
       Headbutt          |    12 |    22 |    17 ||    51
       War axe           |       |    55 |    95 ||   150
Invok: Berserk           |       |     2 |     2 ||     4
       Trog's Hand       |       |     1 |       ||     1
  Use: Scroll            |       |     5 |     1 ||     6
       Potion            |       |     1 |       ||     1
  Eat: Chunk             |     1 |     6 |     3 ||    10
       Bread ration      |       |       |     2 ||     2
Armor: Chain mail        |    40 |    32 |    47 ||   119
Dodge: Dodged            |    45 |    27 |    47 ||   119
